 Dungeon Crawl Stone Soup version 0.23-a0-389-g4a5eb334b0 (webtiles) character file.

49 PikkenKukken the Grasshopper (level 3, -2/18 HPs)
             Began as a Spriggan Warper on Oct 30, 2018.
             Slain by a gnoll
             ... wielding a cursed -1 spear
              (5 damage)
             ... on level 2 of the Dungeon.
             The game lasted 00:04:46 (2328 turns).

PikkenKukken the Grasshopper (Spriggan Warper)      Turns: 2328, Time: 00:04:47

Health: -2/18      AC:  2    Str:  7    XL:     3   Next: 53%
Magic:  5/8        EV: 19    Int: 15    God:
Gold:   37         SH:  0    Dex: 15    Spells: 4/8 levels left

rFire    . . .     SeeInvis +   a - +0 short sword
rCold    . . .     Gourm    .   (shield restricted)
rNeg     . . .     Faith    .   b - +0 robe
rPois    .         Spirit   .   (helmet restricted)
rElec    .         Reflect  .   k - scarf {repulsion}
rCorr    .         Harm     .   (gloves unavailable)
MR       .....                  (boots unavailable)
Stlth    ++........             (no amulet)
HPRegen  0.06/turn              (no ring)
MPRegen  0.11/turn              (no ring)

@: repel missiles, very quick
A: very small, unfitting armour, see invisible, herbivore, speed 3, slow
metabolism 2
a: no special abilities


You were on level 2 of the Dungeon.
You were not hungry.

You visited 1 branch of the dungeon, and saw 3 of its levels.

You collected 37 gold pieces.

Inventory:

Hand Weapons
 a - a +0 short sword (weapon)
Missiles
 e - 5 tomahawks of dispersal (quivered)
 i - 84 stones
 l - 11 sling bullets
Armour
 b - a +0 robe (worn)
 k - a scarf of repulsion (worn)
Scrolls
 d - a scroll of blinking
 j - 2 scrolls of identify
Potions
 c - 2 potions of curing
 g - a potion of brilliance {unknown}
 h - a potion of magic {unknown}
Comestibles
 f - 4 rations


   Skills:
 - Level 1.5 Fighting
 + Level 2.7 Short Blades
 - Level 1.0 Throwing
 + Level 4.2 Dodging
 * Level 3.0 Stealth
 + Level 3.2 Spellcasting
 - Level 4.4 Translocations


You had 4 spell levels left.
You knew the following spells:

 Your Spells              Type           Power        Failure   Level  Hunger
a - Blink                 Tloc           N/A          4%          2    ##.....
b - Shroud of Golubria    Chrm/Tloc      #.........   12%         2    ##.....

Your spell library contained the following spells:

 Spells                   Type           Power        Failure   Level  Hunger
 Gell's Gravitas          Tloc           ###.......   10%         3    ###....
 Lesser Beckoning         Tloc           ###.......   10%         3    ###....
 Teleport Other           Tloc           ###.....     10%         3    ###....
 Passage of Golubria      Tloc           N/A          32%         4    #####..


Dungeon Overview and Level Annotations

Branches:
Dungeon (3/15)

Altars:

Annotations:
D:1 1 runed door
D:2 Terence


Innate Abilities, Weirdness & Mutations

You are very small and have problems with some larger weapons.
You are too small for most types of armour.
You have supernaturally acute eyesight. (SInv)
You are a herbivore.
You cover ground extremely quickly.
You need to consume almost no food.


Message History

The gnoll is moderately wounded.
The gnoll barely misses you. x2
Casting: Shroud of Golubria (safe; 12% risk of failure)
Confirm with . or Enter, or press ? or * to list all spells.
Space distorts slightly along a thin shroud covering your body.
Your shroud bends the gnoll's attack away.
The gnoll completely misses you.
You closely miss the gnoll.
The gnoll is moderately wounded.
The gnoll misses you. The gnoll hits you but does no damage.
You closely miss the gnoll.
The gnoll is moderately wounded.
The gnoll misses you. x2
You hit the gnoll.
The gnoll is moderately wounded.
The gnoll hits you from afar with a +0 spear.
* * * LOW HITPOINT WARNING * * *
Your shroud falls apart!
The gnoll hits you with a cursed -1 spear.
You die...

#.#
#
#.#
#.#
#.#
#.#
#.#
#.#
#(#
#@#
#g#
#g#
#.#
#.#
#.#
#.#
#.#


You could see 2 gnolls.

Vanquished Creatures
  2 oozes (D:1)
  A dart slug (D:1)
  3 ball pythons (D:1)
  2 giant cockroaches
  2 goblins (D:1)
  5 hobgoblins
  5 jackals (D:1)
  A kobold (D:1)
  5 bats
  2 frilled lizards (D:2)
  9 rats
37 creatures vanquished.

Notes
Turn   | Place    | Note
-------+----------+-------------------------------------------
     0 | D:1      | PikkenKukken the Spriggan Warper began the quest for the
                  | Orb.
     0 | D:1      | Reached XP level 1. HP: 10/10 MP: 5/5
     1 | D:1      | Found a runed door.
   179 | D:1      | Reached skill level 1 in Stealth
   314 | D:1      | Reached XP level 2. HP: 14/14 MP: 6/6
   321 | D:1      | Learned a level 2 spell: Blink
   324 | D:1      | Learned a level 2 spell: Shroud of Golubria
   526 | D:1      | Reached XP level 3. HP: 17/18 MP: 5/8
  1391 | D:2      | Noticed Terence
  2328 | D:2      | Slain by a gnoll

Vault maps used:
D:1:      dpeg_arrival_caged_fury
D:2:      uniq_robin, uniq_crazy_yiuf_cottage, uniq_terence, uniq_natasha
D:3:      first_ration, grunt_ministairs_6, uniq_ijyb

Skill      XL: |  1  2  3 |
---------------+----------+-----
Stealth        | 1 2 3 |  3.0
Spellcasting   | 3 |  3.2
Dodging        | 4 |  4.2
Fighting       | |  1.5
Short Blades   | |  2.7
Throwing       | |  1.0
Translocations | |  4.4

Action                   || total
-------------------------++-------
Melee: Short sword       ||   198
 Cast: Shroud of Golubri ||    12
  Use: Scroll            ||     4
 Stab: Sleeping          ||     7
Armor: Robe              ||    16
Dodge: Dodged            ||   197

Table legend:
 A = Non-vault XP
 B = Vault XP
 C = Vault XP percentage of total XP
 D = Non-vault monster count
 E = Vault monster count
 F = Vault count percentage of total count
                 A         B        C        D         E       F
            +---------+---------+-------+---------+---------+-------
      Total |      71 |       0 |   0.0 |      37 |       0 |   0.0
            +---------+---------+-------+---------+---------+-------
        D:1 |      62 |       0 |   0.0 |      30 |       0 |   0.0
        D:2 |       9 |       0 |   0.0 |       7 |       0 |   0.0
            +---------+---------+-------+---------+---------+-------
